Map: [ESL] Site Delta

Players

GogojOey - Winner!

  • Race: Zerg Zerg
  • Spawn Location: 11:00

Has

  • Race: Protoss Protoss
  • Spawn Location: 5:00

Event: ESL SC2 Masters 2023 Winter (Regional)

VOD

Have the link to the VOD?

Description

Time

  • Played on: Nov. 2, 2023, 9:36 a.m.
  • Length: 10:35

All games in this series

Show
View Real Time Build Order
Export as new Build Order

GogojOey Zerg - Winner!

Build Orders: Hatch First 

Get SALT Encoding   

  12  0:00  Drone  
  13  0:12  Overlord  
  13  0:17  Drone  
  14  0:31  Drone x2  
  16  0:48  Hatchery  
  15  0:51  Drone  
  15  0:54  Drone  
  17  0:58  Drone  
  18  1:09  Extractor  
  17  1:13  Spawning Pool  
  17  1:16  Drone  
  17  1:20  Drone  
  18  1:29  Drone  
  20  1:40  Drone  
  20  1:50  Overlord  
  20  2:00  Drone, Queen x2  
  20  2:01  Drone  
  26  2:13  Zergling x4  
  28  2:20  Metabolic Boost  
  28  2:21  Drone x2  
  30  2:34  Hatchery  
  30  2:37  Drone  
  30  2:42  Queen  
  32  2:47  Overlord  
  32  2:50  Drone  
  33  2:51  Drone  
  33  2:56  Overlord  
  33  3:06  Drone x2  
  33  3:09  Drone  
  36  3:14  Drone  
  36  3:16  Drone  
  36  3:17  Drone x2, Queen  
  42  3:24  Overlord  
  42  3:29  Drone  
  43  3:34  Zergling x2  
  44  3:42  Drone, Queen  
  44  3:45  Spore Crawler  
  44  3:46  Drone  
  44  3:47  Drone x3  
  50  3:51  Queen  
  52  3:55  Lair  
  52  3:57  Drone x2  
  54  4:04  Overlord  
  54  4:05  Drone x3  
  57  4:13  Drone  
  57  4:17  Overlord  
  58  4:24  Drone, Spore Crawler  
  58  4:26  Drone x7  
  65  4:31  Drone  
  65  4:34  Overlord  
  65  4:35  Drone x2  
  65  4:36  Drone x2  
  70  4:42  Roach Warren, Evolution Chamber  
  70  4:44  Drone, Extractor  
  70  4:45  Drone  
  69  4:46  Extractor, Drone  
  69  4:50  Drone  
  71  4:52  Zergling x2  
  71  4:54  Overlord  
  71  4:57  Spire  
  71  4:58  Drone x3, Extractor  
  72  5:00  Drone  
  72  5:01  Drone  
  72  5:06  Drone x4  
  78  5:09  Extractor, Overlord  
  78  5:10  Extractor  
  78  5:12  Queen  
  77  5:16  Drone  
  78  5:22  Queen  
  78  5:24  Overlord  
  78  5:25  Drone x4, Spore Crawler  
  83  5:35  Drone x2  
  83  5:36  Drone  
  83  5:37  Overseer  
  86  5:44  Drone x3  
  86  5:45  Overlord  
  86  5:47  Hatchery  
  88  5:51  Overlord  
  88  5:52  Queen  
  88  5:53  Queen  
  88  6:10  Corruptor  
  88  6:11  Corruptor x3  
  90  6:13  Corruptor  
  90  6:16  Corruptor  
  100  6:21  Extractor, Corruptor x2  
  101  6:28  Glial Reconstitution  
  101  6:29  Zerg Missile Weapons Level 1  
  96  6:40  Zergling x2, Roach x8  
  107  6:53  Roach x4  
  115  6:54  Hatchery  
  115  6:57  Extractor, Overlord  
  113  7:05  Queen  
  121  7:08  Roach x3  
  121  7:11  Zergling x2  
  122  7:16  Roach  
  122  7:17  Roach x3  
  122  7:21  Roach  
  122  7:22  Overlord  
  128  7:23  Roach  
  128  7:24  Overlord  
  130  7:33  Overlord  
  130  7:41  Roach x5  
  127  7:50  Roach x2  
  127  7:52  Queen  
  127  7:55  Zergling x4, Roach x4  
  135  8:00  Corruptor x2  
  133  8:08  Roach x4  
  133  8:11  Hydralisk Den  
  140  8:13  Roach  
  140  8:19  Roach x3  
  146  8:20  Ravager  
  146  8:21  Ravager  
  146  8:22  Ravager  
  146  8:25  Roach  
  151  8:29  Roach x4  
  157  8:40  Drone  
  157  8:43  Hydralisk x2, Grooved Spines  
  157  8:45  Overlord x3  
  160  8:49  Overlord  
  160  8:55  Overlord  
  160  8:59  Spine Crawler  
  160  9:01  Overlord  
  159  9:06  Hydralisk x6  
  171  9:12  Hydralisk x2  
  171  9:13  Roach  
  177  9:21  Hydralisk x3  
  182  9:36  Hydralisk, Roach  
  182  9:37  Roach x5  
  196  9:42  Queen  
  198  9:47  Ravager  
  196  10:08  Hydralisk x4  
  196  10:09  Roach x2  
Show
View Real Time Build Order
Export as new Build Order

Has Protoss 

Build Orders: 1 Gate Expand, Zealot Archon 

Get SALT Encoding   

  12  0:00  Probe  
  13  0:12  Probe  
  14  0:19  Pylon  
  14  0:24  Probe  
  15  0:31  Assimilator  
  15  0:37  Probe (Chrono Boost)  
  16  0:45  Gateway  
  16  0:48  Probe (Chrono Boost)  
  17  0:53  Probe (Chrono Boost)  
  18  1:04  Probe  
  19  1:16  Probe  
  20  1:24  Nexus  
  20  1:35  Cybernetics Core  
  20  1:38  Probe  
  21  1:42  Assimilator  
  21  1:50  Probe  
  22  1:55  Pylon  
  22  2:02  Probe  
  23  2:14  Stargate, Stalker (Chrono Boost)  
  23  2:15  Probe (Chrono Boost)  
  26  2:24  Warp Gate  
  26  2:27  Probe (Chrono Boost)  
  27  2:36  Probe (Chrono Boost)  
  29  2:38  Probe (Chrono Boost)  
  29  2:42  Zealot  
  32  2:46  Probe x2 (Chrono Boost)  
  32  2:51  Probe (Chrono Boost)  
  33  2:53  Probe  
  35  3:03  Probe  
  37  3:05  Probe  
  37  3:11  Fleet Beacon  
  37  3:15  Probe  
  37  3:18  Gateway  
  37  3:19  Probe  
  39  3:23  Assimilator  
  39  3:26  Assimilator  
  39  3:27  Probe  
  39  3:34  Stargate, Probe  
  40  3:39  Probe  
  42  3:41  Pylon  
  42  3:46  Probe  
  43  3:51  Probe  
  44  3:58  Tempest (Chrono Boost)  
  44  4:00  Pylon  
  44  4:01  Probe  
  50  4:05  Probe  
  51  4:13  Probe  
  51  4:15  Pylon  
  52  4:17  Probe  
  52  4:19  Pylon  
  53  4:29  Tempest (Chrono Boost)  
  58  4:42  Tempest (Chrono Boost)  
  58  4:43  Shield Battery  
  63  4:53  Probe  
  63  4:54  Gateway  
  63  4:55  Gateway x2  
  64  5:07  Tempest (Chrono Boost)  
  69  5:09  Twilight Council  
  69  5:15  Zealot x2  
  69  5:18  Pylon  
  73  5:23  Tempest (Chrono Boost)  
  78  5:40  Zealot x2  
  78  5:42  Unknown  
  82  5:44  Charge (Chrono Boost)  
  82  5:45  Gateway  
  82  5:48  Gateway  
  82  6:00  Nexus  
  82  6:09  Probe x2, Pylon  
  82  6:10  Templar Archives  
  84  6:19  Pylon  
  84  6:21  Pylon  
  84  6:30  Zealot x4  
  91  6:34  Zealot  
  91  6:37  Pylon  
  88  6:47  High Templar  
  88  6:48  High Templar  
  88  6:51  High Templar x2, Zealot  
  88  6:52  Zealot  
  100  6:55  Shield Battery  
  100  6:56  Archon  
  100  6:57  Zealot, Archon  
  102  7:16  Zealot x2  
  102  7:18  Probe x2  
  102  7:20  Zealot x3  
  115  7:23  Zealot x2  
  119  7:30  Probe x2  
  119  7:32  Probe  
  119  7:42  Probe  
  112  7:50  Void Ray (Chrono Boost)  
  112  7:51  Void Ray (Chrono Boost)  
  94  7:59  Stalker  
  94  8:00  Stalker  
  94  8:04  Zealot x3  
  93  8:07  Probe x2  
  93  8:11  Probe  
  96  8:19  Probe  
  97  8:24  Robotics Facility, Probe  
  98  8:33  Stalker x4  
  104  8:39  Void Ray x2 (Chrono Boost)  
  110  8:43  Flux Vanes  
  110  8:47  Shield Battery  
  108  8:48  Assimilator  
  108  8:50  Pylon  
  108  8:51  Assimilator  
  108  8:57  Shield Battery  
  116  9:11  Observer  
  116  9:12  Void Ray x2 (Chrono Boost)  
  116  9:16  Zealot  
  119  9:18  Probe  
  119  9:19  Probe x2  
  122  9:29  Zealot x5  
  132  9:33  Robotics Bay  
  132  9:44  Assimilator  
  136  9:49  Tempest (Chrono Boost)  
  137  9:55  Pylon  
  128  10:07  Zealot x3  
  128  10:08  Zealot x3  
  128  10:11  Stalker  
Tags
 
Add a new tag
Caveats
  • Supply blocks, unpowered buildings, or Contaminate may cause inaccurate times.
  • Supply counts are checked every 10 seconds.